 Dungeon Crawl Stone Soup version 0.20-a0-303-g575bbf7 (webtiles) character file.

92323 tsouns the Bludgeoner (level 15, -6/117 HPs)
             Began as a Demonspawn Wanderer on Dec 16, 2016.
             Was the Champion of Makhleb.
             Killed from afar by Aizul (20 damage)
             ... with a bolt of poison
             ... on level 1 of the Snake Pit on Dec 17, 2016.
             The game lasted 01:42:17 (23904 turns).

tsouns the Bludgeoner (Demonspawn Wanderer)        Turns: 23904, Time: 01:42:18

Health: -6/117     AC: 30    Str: 25    XL:     15   Next: 57%
Magic:  0/25       EV: 13    Int: 17    God:    Makhleb [******]
Gold:   1945       SH:  0    Dex: 16    Spells: 1/14 levels left

rFire  + . .     SeeInvis .     f - +11 mace "Winef Eto" {crush, +Blink Str+6}
rCold  . . .     Gourm    .     j - +9 plate armour
rNeg   + . .     Faith    .     (no shield)
rPois  .         Spirit   +     R - +2 helmet {Int+3}
rElec  .         Reflect  .     u - +1 cloak
rCorr  .         Harm     .     Z - +0 pair of gloves
MR     +....                    (boots unavailable)
Stlth  ..........               O - amulet of Xorphauc {Spirit Str+4 Stlth+}
                                (no ring)
                                x - ring of positive energy

@: lethally poisoned (-6 -> -19), studying Bows
A: hooves 3, demonic guardian 2, fire resistance 1, flame cloud immunity, sturdy
frame 2
a: Minor Destruction, Lesser Servant of Makhleb, Major Destruction, Greater
Servant of Makhleb, Renounce Religion, Evoke Blink


You were on level 1 of the Snake Pit.
You worshipped Makhleb.
Makhleb was exalted by your worship.
You were full.

You visited 6 branches of the dungeon, and saw 26 of its levels.
You also visited: Labyrinth.

You collected 2562 gold pieces.
You spent 617 gold pieces at shops.

Inventory:

Hand Weapons
 d - the +3 arbalest of the Swamp {penet, +Blink}
   (You bought it in a shop on level 2 of the Orcish Mines)

   Ammo fired by it will pass through the targets it hits, potentially hitting
   all targets in its path until it reaches maximum range.
   It lets you blink.
 f - the +11 mace "Winef Eto" (weapon) {crush, +Blink Str+6}
   (You found it on level 5 of the Dungeon)

   It inflicts extra damage upon your enemies.
   It affects your strength (+6).
   It lets you blink.
 r - a +2 great mace of crushing
Missiles
 b - 254 bolts
 o - 46 tomahawks (quivered)
 M - 7 javelins of penetration
Armour
 j - a +9 plate armour (worn)
 u - a +1 cloak (worn)
 R - a +2 helmet of intelligence (worn)
 Z - a +0 pair of gloves (worn)
Jewellery
 x - a ring of positive energy (left hand)
 y - an uncursed ring of fire
 O - the amulet of Xorphauc (around neck) {Spirit Str+4 Stlth+}
   (You found it on level 2 of the Lair of Beasts)

   [amulet of guardian spirit]

   It causes incoming damage to be split between your health and magic.
   It affects your strength (+4).
   It makes you more stealthy.
Wands
 i - a wand of enslavement (13/24)
 n - a wand of disintegration (10/24)
 L - a wand of enslavement (6/24)
 U - a wand of lightning (4/15)
 X - a wand of acid (1/15)
Scrolls
 l - 9 scrolls of teleportation
 m - 5 scrolls of fear
 p - 8 scrolls of recharging
 v - a scroll of brand weapon
 D - 7 scrolls of enchant weapon
 F - a scroll of identify
 I - 2 scrolls of remove curse
 P - 3 scrolls of fog
 T - a scroll of amnesia
Potions
 q - 2 potions of magic
 t - 4 potions of curing
 z - 5 potions of brilliance
 B - 2 potions of flight
 C - 4 potions of lignification
 E - a potion of resistance
 G - 4 potions of ambrosia
 J - 2 potions of agility
 K - 3 potions of haste
 N - 3 potions of might
 S - 3 potions of berserk rage
Books
 H - a manual of Bows
Miscellaneous
 e - a phantom mirror
 h - a lamp of fire (inert)
 W - 2 sacks of spiders
Comestibles
 a - 4 royal jellies
 c - 11 meat rations
 g - 11 bread rations
 w - 39 fruits


   Skills:
 + Level 10.6 Fighting
 - Level 15.9 Maces & Flails
 - Level 1.0 Bows
 + Level 5.7 Crossbows
 - Level 1.7 Throwing
 + Level 9.7 Armour
 - Level 7.7 Dodging
 - Level 5.3 Stealth
 + Level 13.4 Invocations
 - Level 6.0 Evocations


You had one spell level left.
You knew the following spells:

 Your Spells              Type           Power        Failure   Level  Hunger
a - Animate Skeleton      Necr           N/A          87%         1    ##.....
b - Apportation           Tloc           #.........   87%         1    ##.....
c - Repel Missiles        Chrm/Air       #.....       97%         2    ###....
d - Blink                 Tloc           N/A          97%         2    ###....
e - Summon Butterflies    Summ           #.......     87%         1    ##.....
f - Statue Form           Tmut/Erth      #........    100%        6    #######


Dungeon Overview and Level Annotations

Branches:
Dungeon (15/15)            Temple (1/1) D:7            Lair (6/6) D:10
 Shoals (1/4) Lair:3        Snake (1/4) Lair:3        Slime (0/5) Lair:6
    Orc (2/2) D:11            Elf (0/3) Orc:2        Vaults (0/5) D:13
 Depths (0/5) D:15

Altars:
Ashenzari
Cheibriados
Dithmenos
Elyvilon
Fedhas
Gozag
Hepliaklqana
Kikubaaqudgha
Makhleb
Nemelex Xobeh
Okawaru
Qazlal
Ru
Sif Muna
Trog
Uskayaw
Vehumet
Xom
Yredelemnul
Zin
The Shining One
Beogh

Shops:
D:8 ?   D:10 *   D:11 (   Orc:2 *(:[

Portals:
Trove: D:11 (give 15 potions of curing)

Annotations:
Snake:1 Aizul, Azrael


Innate Abilities, Weirdness & Mutations

You have hooves in place of feet.
A demonic guardian rushes to your aid.
Your flesh is heat resistant. (rF+)
You are immune to clouds of flame.
Your movements are less encumbered by armour. (ER -4)


Message History

You feel better. Aizul casts a spell at you.
You fall asleep.
Your smoke demon hits Aizul.
Your smoke demon hits Aizul but does no damage.
Your smoke demon closely misses Aizul.
Aizul hits your smoke demon.
Your smoke demon closely misses Aizul.
Your smoke demon hits Aizul but does no damage.
Your smoke demon barely misses Aizul.
Aizul hits your smoke demon.
Your smoke demon disappears in a puff of smoke!
Aizul says, "They said they'd gotten someone better!"
Aizul hits you!
You wake up.
* * * LOW HITPOINT WARNING * * *
A naga comes into view. It is wielding a mace.
Unknown command.
Okay, then.
You feel better. Aizul hits you but does no damage.
Aizul coils herself and waves her upper body at you.
The bolt of poison hits you!
You are poisoned.
You die...

..####.###########)#####...###
#.#########...######.....
..........)).......###...
##..#######)######### #### ##
###).# ##.####...##
#......†.## #........###
........@S.# ........§#.###
.........#...# .........###..#
..###N#### #.... #. ... S...#
###. ...# # ...# ..#


You could see Aizul and a naga.

Vanquished Creatures
  Saint Roka (Orc:2)
  Rupert (Lair:5)
  An orc warlord (Orc:2)
  2 stone giants
  4 hydras
  An ice dragon (D:15)
  An anaconda (Snake:1)
  A centaur warrior (D:14)
  A dancing weapon (D:13)
  A merfolk avatar (Lair:6)
  2 two-headed ogres
  4 death yaks (Lair:5)
  2 orc high priests
  2 unseen horrors
  2 harpies (Lair:6)
  8 orc knights
  A deep elf mage (D:14)
  2 mana vipers (Snake:1)
  4 ugly things
  4 orc sorcerers
  6 elephants
  The ghost of Raykoid666 the Grave Robber, a novice DsSk of Sif Muna (D:6)
  4 manticores
  An oklob plant (Lair:4)
  A cyclops (D:13)
  11 black mambas
  A salamander (Snake:1)
  10 spiny frogs
  2 naga magi (Snake:1)
  A gargoyle (D:11)
  A rime drake (shapeshifter) (D:14)
  4 rime drakes
  7 komodo dragons
  A queen bee (D:12)
  3 meliai (D:12)
  5 trolls
  3 polar bears
  4 hornets
  2 wind drakes (Lair:6)
  16 blink frogs
  3 dream sheep (Lair:4)
  9 hippogriffs
  A shadow (D:13)
  2 spriggans
  6 wyverns
  2 vampires
  A human (D:11)
  2 fire elementals (Snake:1)
  3 basilisks
  A hog (Lair:5)
  2 steam dragons
  Grum (D:9)
  25 yaks
  5 wargs
  14 nagas
  An acid dragon (D:10)
  2 hell hounds (Snake:1)
  17 water moccasins
  An ice beast (D:5)
  35 orc warriors
  7 porcupines
  2 sky beasts
  2 black bears
  2 eyes of draining
  12 ogres
  20 centaurs
  29 wolves
  4 phantoms
  12 crocodiles
  19 bullfrogs
  2 scorpions
  46 killer bees
  An electric eel (Lair:6)
  10 wights
  5 crimson imps
  3 bullfrog zombies
  A quasit (D:12)
  A centaur zombie (D:10)
  5 hounds
  7 jellies
  20 orc priests
  A bullfrog skeleton (D:4)
  Jessica (D:3)
  3 iguanas
  Natasha (twice) (D:3)
  15 orc wizards
  11 worker ants
  A hound zombie (D:11)
  A howler monkey skeleton (D:10)
  A howler monkey zombie (D:5)
  Robin (D:2)
  13 adders
  A river rat (Lair:3)
  A shadow imp (D:13)
  2 oozes (Lair:6)
  An adder zombie (D:7)
  2 adder skeletons
  3 worms
  3 dart slugs
  6 leopard geckos
  96 orcs
  3 ball pythons
  10 bats
  17 giant cockroaches
  10 goblins
  11 hobgoblins
  2 jackals (D:8)
  7 quokkas
  6 frilled lizards
  8 kobolds
  A leopard gecko zombie (D:7)
  8 rats
720 creatures vanquished.

Vanquished Creatures (collateral kills)
  Kirke (Lair:5)
  An ettin (Orc:1)
  A minotaur (Lab)
  An anaconda (Snake:1)
  A hydra (D:11)
  A dancing weapon (D:13)
  2 death yaks (Lair:5)
  A tengu warrior (D:15)
  The ghost of Soeti the Protected, a novice DDFi of Makhleb (D:5)
  An orc knight (Orc:2)
  2 orc sorcerers (Orc:2)
  An oklob plant (Lair:4)
  A deep elf mage (D:11)
  A harpy (Lair:6)
  A cyclops (D:11)
  2 ugly things (D:14)
  A black mamba (Snake:1)
  4 spiny frogs
  2 komodo dragons
  A tengu conjurer (D:15)
  A queen bee (Lair:3)
  2 hornets (Lair:6)
  2 blink frogs
  4 dream sheep (Lair:4)
  A hippogriff (Lair:3)
  Sigmund (D:3)
  A wyvern (Lair:6)
  3 hogs (Lair:5)
  12 yaks
  A basilisk (D:10)
  A warg (Orc:1)
  3 water moccasins (Lair:4)
  A naga (Lair:3)
  A porcupine (Lair:2)
  7 orc warriors
  A black bear (Lair:4)
  21 wolves
  4 ogres
  A centaur (D:9)
  A big kobold (D:10)
  A crocodile (Lair:2)
  2 bullfrogs
  A scorpion (D:11)
  9 killer bees
  An orc priest (Orc:1)
  An orc wizard (D:13)
  Natasha (D:3)
  2 oozes (Lair:6)
  18 orcs
  A kobold (D:10)
  A fungus (Lair:6)
  A plant (Lair:4)
135 creatures vanquished.

Vanquished Creatures (others)
  An orc high priest (Orc:2)
  A basilisk (Lair:3)
  A killer bee (Lair:3)
  An orc (Orc:2)
  21 fungi
  12 plants
37 creatures vanquished.

Grand Total: 892 creatures vanquished

Notes
Turn   | Place    | Note
-------+----------+-------------------------------------------
     0 | D:1      | tsouns the Demonspawn Wanderer began the quest for the Orb.
     0 | D:1      | tsouns set off with: a +2 hand crossbow, 26 bolts, a potion of curing, 7 poisoned needles, a +0 blowgun, a +0 robe, a bread ration
     0 | D:1      | Reached XP level 1. HP: 19/19 MP: 1/1
   186 | D:1      | Gained mutation: A weak demonic guardian rushes to your aid. [demonic ancestry]
   186 | D:1      | Reached XP level 2. HP: 25/25 MP: 2/2
   558 | D:2      | Reached XP level 3. HP: 31/31 MP: 3/3
   745 | D:2      | Found a blossoming altar of Fedhas.
   976 | D:2      | Gained mutation: You have large cloven feet. [demonic ancestry]
   976 | D:2      | Reached XP level 4. HP: 30/38 MP: 4/4
  1023 | D:2      | Noticed Robin
  1058 | D:2      | Killed Robin
  1580 | D:3      | Reached skill level 5 in Fighting
  1706 | D:3      | Noticed Jessica
  1707 | D:3      | Killed Jessica
  1707 | D:3      | Gained mutation: You have hoof-like feet. [demonic ancestry]
  1707 | D:3      | Reached XP level 5. HP: 32/44 MP: 5/5
  1770 | D:3      | Found a basalt altar of Yredelemnul.
  1861 | D:3      | Noticed Natasha
  1866 | D:3      | Killed Natasha
  1893 | D:3      | Noticed Natasha
  1898 | D:3      | Killed Natasha
  1997 | D:3      | Noticed Natasha
  2000 | D:3      | Killed Natasha
  2000 | D:3      | Gained mutation: A demonic guardian rushes to your aid. [demonic ancestry]
  2000 | D:3      | Reached XP level 6. HP: 52/52 MP: 6/6
  2060 | D:3      | Noticed Sigmund
  2065 | D:3      | Killed Sigmund
  2287 | D:3      | Found a shimmering altar of Xom.
  2593 | D:4      | Reached skill level 5 in Crossbows
  2593 | D:4      | Gained mutation: Your movements are slightly less encumbered by armour. (ER -2) [demonic ancestry]
  2593 | D:4      | Reached XP level 7. HP: 55/59 MP: 7/7
  2650 | D:4      | Found a white marble altar of Elyvilon.
  2816 | D:5      | Entered Level 5 of the Dungeon
  2861 | D:5      | Got a translucent mace
  2881 | D:5      | Identified the +11 mace "Winef Eto" {crush, +Blink Str+6} (You found it on level 5 of the Dungeon)
  2905 | D:5      | Noticed Soeti's ghost (novice DDFi)
  2934 | D:5      | Killed Soeti's ghost
  2934 | D:5      | Reached skill level 4 in Maces & Flails
  3163 | D:5      | Learned a level 1 spell: Animate Skeleton
  3165 | D:5      | Learned a level 1 spell: Apportation
  3176 | D:5      | Reached XP level 8. HP: 65/65 MP: 8/8
  3231 | D:5      | Got an ancient hunting sling
  3232 | D:5      | Identified the +3 hunting sling of Diet Blood {venom, rC+} (You found it on level 5 of the Dungeon)
  3573 | D:5      | Reached skill level 5 in Maces & Flails
  3813 | D:6      | Noticed Raykoid666's ghost (novice DsSk)
  3826 | D:6      | Killed Raykoid666's ghost
  3826 | D:6      | Reached skill level 6 in Maces & Flails
  4005 | D:6      | Reached skill level 7 in Maces & Flails
  4420 | D:7      | Reached XP level 9. HP: 51/71 MP: 9/9
  4484 | D:7      | Reached skill level 8 in Maces & Flails
  4547 | D:7      | Found a staircase to the Ecumenical Temple.
  4552 | Temple   | Entered the Ecumenical Temple
  4615 | Temple   | Became a worshipper of Makhleb the Destroyer
  5028 | D:7      | Reached skill level 9 in Maces & Flails
  5596 | D:8      | Found Yhetuf's Magic Scroll Emporium.
  5604 | D:8      | Bought a scroll of fear for 38 gold pieces
  5604 | D:8      | Bought a scroll of teleportation for 33 gold pieces
  5604 | D:8      | Bought a scroll of enchant armour for 82 gold pieces
  5604 | D:8      | Bought a scroll of enchant armour for 82 gold pieces
  5604 | D:8      | Bought a scroll of enchant armour for 82 gold pieces
  5604 | D:8      | Bought a scroll of enchant weapon for 82 gold pieces
  5983 | D:8      | Found an iron altar of Okawaru.
  6353 | D:8      | Got a polished leather armour
  6415 | D:9      | Reached skill level 10 in Maces & Flails
  6778 | D:9      | Found a roughly hewn altar of Beogh.
  6792 | D:9      | Reached * piety under Makhleb
  6819 | D:9      | Reached XP level 10. HP: 55/77 MP: 10/10
  6948 | D:9      | Noticed Grum
  6952 | D:9      | Reached skill level 11 in Maces & Flails
  6963 | D:9      | Killed Grum
  7175 | D:10     | Entered Level 10 of the Dungeon
  7324 | D:10     | Reached ** piety under Makhleb
  7449 | D:10     | Learned a level 2 spell: Repel Missiles
  7491 | D:10     | Found Pufedoc's General Store.
  7581 | D:10     | Reached skill level 1 in Invocations
  7581 | D:10     | Reached skill level 1 in Evocations
  7683 | D:10     | Reached skill level 12 in Maces & Flails
  7760 | D:10     | Found a staircase to the Lair.
  7847 | D:10     | Noticed a two-headed ogre
  7851 | D:10     | Killed a two-headed ogre
  8106 | Lair:1   | Entered Level 1 of the Lair of Beasts
  8157 | Lair:1   | Noticed a black mamba
  8163 | Lair:1   | Killed a black mamba
  8253 | Lair:1   | Learned a level 2 spell: Blink
  8439 | Lair:1   | Reached XP level 11. HP: 83/83 MP: 14/14
  8907 | Lair:2   | Reached skill level 5 in Invocations
  9186 | Lair:2   | Reached *** piety under Makhleb
  9191 | Lair:2   | Reached skill level 1 in Dodging
  9334 | Lair:2   | Reached skill level 13 in Maces & Flails
  9386 | Lair:2   | Got a warped tin amulet
  9489 | Lair:2   | Identified the amulet of Xorphauc {Spirit Str+4 Stlth+} (You found it on level 2 of the Lair of Beasts)
  9783 | Lair:2   | Learned a level 1 spell: Summon Butterflies
 10079 | Lair:3   | Found a staircase to the Shoals.
 10506 | Lair:3   | Reached **** piety under Makhleb
 10969 | Lair:3   | Gained mutation: Your flesh is heat resistant. (rF+) [demonic ancestry]
 10969 | Lair:3   | Reached XP level 12. HP: 90/91 MP: 15/15
 11175 | Lair:3   | Reached skill level 5 in Armour
 11203 | Lair:3   | Found a staircase to the Snake Pit.
 11545 | Lair:3   | Reached skill level 5 in Dodging
 11638 | Shoals:1 | Entered Level 1 of the Shoals
 11676 | Lair:3   | Reached ***** piety under Makhleb
 12548 | Lair:4   | Noticed a four-headed hydra
 12563 | Lair:4   | Killed a four-headed hydra
 12564 | Lair:4   | Reached skill level 14 in Maces & Flails
 13245 | Lair:5   | Gained mutation: You are immune to clouds of flame. [demonic ancestry]
 13245 | Lair:5   | Reached XP level 13. HP: 100/100 MP: 18/18
 13637 | Lair:5   | Noticed Rupert
 13651 | Lair:5   | Killed Rupert
 13746 | Lair:5   | Noticed Kirke
 13761 | Lair:5   | Killed Kirke
 14029 | Lair:6   | Entered Level 6 of the Lair of Beasts
 14100 | Lair:6   | Found a labyrinth entrance.
 14110 | Lab      | Entered a labyrinth
 15510 | Lab      | Noticed a minotaur
 15515 | Lab      | Killed a minotaur
 15827 | Lair:6   | Reached skill level 15 in Maces & Flails
 15893 | Lair:6   | Reached skill level 10 in Fighting
 15948 | Lair:6   | Found a staircase to the Slime Pits.
 16053 | Lair:6   | Reached ****** piety under Makhleb
 16072 | Lair:6   | Reached skill level 10 in Invocations
 16148 | Lair:6   | Gained mutation: You have hooves in place of feet. [demonic ancestry]
 16148 | Lair:6   | Reached XP level 14. HP: 110/110 MP: 21/21
 16165 | Lair:6   | Got a brightly glowing hand crossbow
 16166 | Lair:6   | Identified the +4 hand crossbow "Halaun" {elec, rC+} (You found it on level 6 of the Lair of Beasts)
 16857 | D:11     | Learned a level 6 spell: Statue Form
 16927 | D:11     | Found a staircase to the Orcish Mines.
 17040 | D:11     | Found a portal to a secret trove of treasure.
 17240 | D:11     | Found Suarocs's Weapon Boutique.
 17617 | D:12     | Reached skill level 5 in Evocations
 18618 | D:13     | Found a gate to the Vaults.
 19440 | D:14     | Reached skill level 1 in Stealth
 20129 | D:15     | Entered Level 15 of the Dungeon
 20615 | D:15     | Found a staircase to the Depths.
 20945 | Orc:1    | Entered Level 1 of the Orcish Mines
 21461 | Orc:2    | Entered Level 2 of the Orcish Mines
 21461 | Orc:2    | Found Daniligh's General Store.
 21502 | Orc:2    | Gained mutation: Your movements are less encumbered by armour. (ER -4) [demonic ancestry]
 21502 | Orc:2    | Reached XP level 15. HP: 115/115 MP: 17/24
 21567 | Orc:2    | Found an iron altar of Okawaru.
 21615 | Orc:2    | Noticed Saint Roka
 21984 | Orc:2    | Killed Saint Roka
 22132 | Orc:2    | Found Zarphar's Antique Weapon Emporium.
 22133 | Orc:2    | Noticed an orc warlord
 22203 | Orc:2    | Killed an orc warlord
 22333 | Orc:2    | Found Zireich's Book Emporium.
 22351 | Orc:2    | Reached skill level 5 in Stealth
 22383 | Orc:2    | Found a staircase to the Elven Halls.
 22635 | Orc:2    | Found Cotsisew's Antique Armour Shop.
 22675 | Orc:1    | HP: 5/116 [orc priest/divine providence (9)]
 23056 | Orc:2    | Bought a jewelled arbalest for 218 gold pieces
 23056 | Orc:2    | Identified the +3 arbalest of the Swamp {penet, +Blink} (You bought it in a shop on level 2 of the Orcish Mines)
 23496 | Snake:1  | Entered Level 1 of the Snake Pit
 23800 | Snake:1  | Noticed Azrael
 23880 | Snake:1  | Noticed Aizul
 23900 | Snake:1  | HP: 3/117 [Aizul/poison arrow (19)]
 23904 | Snake:1  | Killed from afar by Aizul

Vault maps used:
D:1:      evilmike_arrival_plus
D:2:      minmay_roachtagon, nrook_mini_backslash, fedhas_altar_3, uniq_robin
D:3:      yredelemnul_altar_generic, xom_teletrap_fun, first_bread,
          uniq_jessica, uniq_sigmund, uniq_natasha
D:4:      kennysheep_mini, kennysheep_generic_room_13
D:5:      kennysheep_nondescript
D:7:      serial_aquarium, aquarium_bridge_island_small, aquarium_window_fake,
          aquarium_window_2, aquarium_view_2e, aquarium_view_2c, the_bakery,
          dk_noncrumbling_3, minmay_misc_feat_rows, minmay_holes
D:8:      overflow_temple_1_default, serial_shops, shop
D:9:      special_room, uniq_grum
D:10:     erik_lair_dragon, minmay_item_behind_shaft, moated_statue,
          kennysheep_small_circle
D:11:     erik_orc_4, serial_shops, shop, enter_trove_6
D:13:     erik_vaults_1
D:15:     grunt_enter_depths_hoard, minmay_misc_feat_five, feat_on_display
Temple:   nicolae_temple_elliptical
Lair:1:   lemuel_old_faithful, serial_bayou_shore_a
Lair:2:   grunt_forest_large_clearings, lemuel_fruit_tree
Lair:3:   regret_index_wax_grids, minmay_shoals_entry_centaurs,
          minmay_snake_entry_guardpost_medium
Lair:4:   beast_lair_carwin_large_4, grunt_forest_stairs_clearing,
          infiniplex_staircase_pool_2, serial_bayou_shore_b,
          minmay_lair_oklob_chamber
Lair:5:   serial_bayou_shore_b, uniq_kirke, uniq_rupert
Lair:6:   gammafunk_lair_ancient_temple, nicolae_slime_entry_slimehenge,
          lab_entry_generic, fungi_pond_lemuel
Snake:1:  nicolae_snake_linked_coils, grunt_ministairs_10, uniq_azrael,
          uniq_aizul
Orc:2:    grunt_orc_gardens, grunt_orc_garden, grunt_orc_garden,
          grunt_orc_garden, grunt_orc_garden, okawaru_metal_pillars_1_2,
          uniq_saint_roka
Lab:      nicolae_lab_statue

Skill      XL: |  1  2  3  4  5  6  7  8  9 10 11 12 13 14 15 |
---------------+----------------------------------------------+-----
Crossbows      | 2 3 4 5 |  5.7
Fighting       | 5 6 7 8 10 | 10.6
Maces & Flails | 4 7 10 12 13 14 15 | 15.9
Invocations    | 4 5 7 10 12 13 | 13.4
Evocations     | 3 6 |  6.0
Armour         | 4 6 7 8 9 |  9.7
Dodging        | 4 6 7 |  7.7
Stealth        | 3 5 |  5.3
Bows           | |  1.0
Throwing       | |  1.7

Action                   |  1- 3 |  4- 6 |  7- 9 | 10-12 | 13-15 || total
-------------------------+-------+-------+-------+-------+-------++-------
Melee: Spear             |    36 |    44 |       |       |       ||    80
       Kick              |       |    10 |       |       |   374 ||   384
       Scythe            |       |    32 |    12 |       |       ||    44
       Mace              |       |       |   195 |   732 |  1453 ||  2380
 Fire: Hand crossbow     |    58 |    92 |    31 |    14 |       ||   195
       Arbalest          |       |       |       |       |    17 ||    17
Invok: Lesser Servant of |       |       |       |       |     2 ||     2
       Minor Destruction |       |       |       |       |     1 ||     1
Evoke: Wand              |       |       |       |     2 |    16 ||    18
       Lamp of fire      |       |       |       |       |     3 ||     3
       Box of beasts     |       |       |       |       |     1 ||     1
       Sack of spiders   |       |       |       |       |     1 ||     1
  Use: Scroll            |       |    12 |    14 |    13 |     9 ||    48
       Potion            |       |     1 |     1 |       |     8 ||    10
 Stab: Distracted        |       |     1 |       |     2 |     6 ||     9
       Invisible         |       |       |       |       |    12 ||    12
  Eat: Chunk             |       |     5 |    10 |     3 |     7 ||    25
       Beef jerky        |       |       |     2 |     2 |       ||     4
       Pizza             |       |       |     2 |     1 |     2 ||     5
       Royal jelly       |       |       |       |     4 |    12 ||    16
       Bread ration      |       |       |       |     1 |       ||     1
       Meat ration       |       |       |       |       |     1 ||     1
Armor: Leather armour    |     1 |       |       |       |       ||     1
       Plate armour      |    41 |    83 |   148 |   518 |   810 ||  1600
Dodge: Dodged            |     5 |    14 |    60 |   291 |   707 ||  1077
